 Dungeon Crawl Stone Soup version 0.30.0-29-ga12c61a403 (webtiles) character file.

Game seed: 17566894175692991129

1075 LustLizard the Ruffian (level 8, -1/55 HPs)
             Began as an Octopode Berserker on June 9, 2023.
             Was a Priest of Trog.
             Slain by Eustachio
             ... wielding a +2 rapier of speed
              (5 damage)
             ... on level 6 of the Dungeon.
             The game lasted 00:06:41 (4260 turns).

LustLizard the Ruffian (Octopode Berserker)         Turns: 4260, Time: 00:06:42

Health: -1/55      AC:  1    Str: 18      XL:     8   Next: 29%
Magic:  8/8        EV: 14    Int:  9      God:    Trog [***...]
Gold:   164        SH:  0    Dex:  9 (12) Spells: 7/7 levels left

rFire   + .          .
                       - Unarmed
rCold   . . .        (no shield)
rNeg    . . .        (helmet restricted)
rPois   .            (no amulet)
rElec   .            d - ring of protection from fire
rCorr   .            (no ring)
SInv    .            (no ring)
Will    .....        (no ring)
Stlth   ++++         (no ring)
HPRegen 0.29/turn    (no ring)
MPRegen 0.11/turn    (no ring)
                     (no ring)

%: no passive effects
@: no status effects
A: almost no armour, amphibious, 8 rings, camouflage 1, gelatinous body 1,
(nimble swimmer 1), tentacles
a: Renounce Religion, Berserk, Trog's Hand


You were on level 6 of the Dungeon.
You worshipped Trog.
Trog was most pleased with you.
You visited 1 branch of the dungeon, and saw 6 of its levels.

You collected 164 gold pieces.

Inventory:

Jewellery
 d - a ring of protection from fire (left tentacle)
Wands
 a - a wand of mindburst (13)
 q - a wand of light (8)
Scrolls
 c - 2 scrolls of magic mapping {unknown}
 e - 2 scrolls of poison {unknown}
 g - 3 scrolls of enchant armour
 j - a scroll of enchant weapon {unknown}
 l - 2 scrolls of vulnerability {unknown}
 m - a scroll of torment {unknown}
 o - 2 scrolls of blinking {unknown}
 t - a scroll of fear {unknown}
 u - 2 scrolls of noise {unknown}
Potions
 b - 3 potions of curing
 f - a potion of invisibility {unknown}
 h - a potion of magic {unknown}
 i - a potion of haste {unknown}
 k - 2 potions of berserk rage {unknown}
 n - a potion of heal wounds {unknown}
 p - a potion of lignification {unknown}
 r - 2 potions of flight {unknown}
 s - 3 potions of might


   Skills:
 + Level 5.1 Fighting
 + Level 5.1 Dodging
 + Level 5.7 Stealth
 * Level 6.7 Unarmed Combat


You had 7 spell levels left.
You didn't know any spells.
Your spell library was empty.

Dungeon Overview and Level Annotations

Branches:
Dungeon (6/15)
 Temple: D:4-7

Altars:
Cheibriados
Fedhas
Makhleb
Okawaru
Sif Muna
Xom

Shops:
D:2 (

Annotations:
D:5 2 runed translucent doors
D:6 Eustachio


Innate Abilities, Weirdness & Mutations

You cannot wear most types of armour.
You are amphibious.
You can wear up to eight rings at the same time.
Your skin changes colour to match your surroundings (Stealth+).
Your rubbery body absorbs attacks. (AC +1, EV +1)
((You are camouflaged when in or above water. (Stealth+)))
You have tentacles for arms and can constrict up to eight enemies at once.


Message History

The quasit barely misses you. The quasit closely misses you.
You bludgeon the quasit!
You kill the quasit!
The quasit disappears in a puff of smoke!
You tentacle-slap the white imp. You grab the white imp.
The white imp is moderately wounded.
You constrict the white imp. The white imp closely misses you.
You barely miss the white imp.
The white imp is heavily wounded.
Your skin stops crawling.
You feel less strong-willed.
You constrict the white imp. The white imp gestures at you.
The puff of frost hits you!
* * * LOW HITPOINT WARNING * * *
Eustachio casts a spell.
Eustachio blinks!
You tentacle-slap the white imp.
You tentacle-slap the white imp, but do no damage.
You squeeze the white imp.
You kill the white imp!
The white imp disappears in a puff of smoke!
Eustachio zaps a wand.
The puff of flame misses you.
You closely miss Eustachio. Your grab misses Eustachio.
Eustachio is severely wounded.
Eustachio casts a spell.
You miss Eustachio. Your grab misses Eustachio.
Eustachio is severely wounded.
Eustachio hits you with a +2 rapier of speed.
* * * LOW HITPOINT WARNING * * *
The quasit barely misses you. x2; The quasit closely misses you.
You closely miss Eustachio. You grab Eustachio.
Eustachio is severely wounded.
You constrict Eustachio.
Eustachio hits you with a +2 rapier of speed!
* * * LOW HITPOINT WARNING * * *
The quasit closely misses you. The quasit claws you.
* * * LOW HITPOINT WARNING * * *
The quasit barely misses you.
Eustachio hits you with a +2 rapier of speed.
You die...

#.# +........ #.#
###.##... #.# #....#...
#.# #.#..#... #.#
#.#####.# #.#
.#######......<. #.#
............<#.#
#.###################.#
#[...5@@5..# #......#
##########.# #.####.#
#.# #.# #.# #.# #.# #.#
#.# #.# #.# #.# #.# #.#
#.# #.# #.# #.# #.# ..
#.# #.#


You could see Eustachio, an iron imp (summoned) and a quasit (summoned).

Vanquished Creatures
  Grinder (D:6)
  An ogre (D:5)
  A centaur (D:4)
  2 scorpions
  2 hounds
  2 orc priests (D:5)
  A sleepcap (D:5)
  A gnoll bouda (D:5)
  3 iguanas
  Terence (D:2)
  2 orc wizards (D:5)
  9 gnolls
  5 adders
  2 white imps
  3 worms
  3 dart slugs
  21 orcs
  5 bats
  4 endoplasms
  3 giant cockroaches
  7 hobgoblins
  2 jackals (D:4)
  4 quokkas
  9 ball pythons
  5 goblins
  10 kobolds
  5 rats
114 creatures vanquished.

Notes
Turn   | Place    | Note
-------+----------+-------------------------------------------
     0 | D:1      | LustLizard the Octopode Berserker began the quest for the
                  | Orb.
     0 | D:1      | Reached XP level 1. HP: 16/16 MP: 1/1
    82 | D:1      | Reached XP level 2. HP: 14/21 MP: 2/2
   159 | D:1      | Reached skill level 1 in Stealth
   638 | D:2      | Found a faded altar of an unknown god.
   781 | D:2      | Reached XP level 3. HP: 23/26 MP: 3/3
   837 | D:2      | Reached ** piety under Trog
   863 | D:2      | Found Noris's Weapon Emporium.
  1056 | D:2      | Noticed Terence
  1063 | D:2      | Killed Terence
  1066 | D:2      | Reached XP level 4. HP: 29/31 MP: 4/4
  1265 | D:3      | Reached skill level 4 in Unarmed Combat
  1638 | D:3      | Found a shimmering blue altar of Sif Muna.
  1638 | D:3      | Found a snail-covered altar of Cheibriados.
  1845 | D:3      | Reached XP level 5. HP: 28/36 MP: 5/5
  1956 | D:4      | Found a burning altar of Makhleb.
  1956 | D:4      | Found a blossoming altar of Fedhas.
  1957 | D:4      | Found an iron altar of Okawaru.
  2184 | D:4      | Reached XP level 6. HP: 31/43 MP: 6/6
  2521 | D:4      | Reached skill level 5 in Unarmed Combat
  2678 | D:5      | Entered Level 5 of the Dungeon
  2741 | D:5      | Reached *** piety under Trog
  3029 | D:5      | Reached XP level 7. HP: 30/49 MP: 7/7
  3371 | D:5      | Reached skill level 6 in Unarmed Combat
  3374 | D:5      | Reached skill level 5 in Stealth
  3717 | D:5      | Found a large runed translucent door.
  3717 | D:5      | Found a large runed translucent door.
  3879 | D:5      | Found a shimmering altar of Xom.
  4111 | D:6      | Reached skill level 5 in Dodging
  4111 | D:6      | Reached XP level 8. HP: 39/54 MP: 8/8
  4179 | D:6      | Noticed Grinder
  4183 | D:6      | Noticed Eustachio
  4189 | D:6      | Killed Grinder
  4190 | D:6      | Reached skill level 5 in Fighting
  4219 | D:6      | HP: 1/55 [Eustachio/puff of flame (5)]
  4260 | D:6      | Slain by Eustachio

Illustrated notes

Levels and vault maps discovered:
D:1:      nzn_arrival_crosshair, layout_loops_cross, minmay_misc_feat_plants
D:2:      layout_rooms, serial_shops, nicolae_square_shop,
          nicolae_ecumenical_pavilion, uniq_terence
D:3:      layout_basic, mainiacjoe_overflow_divided_tiny,
          minmay_fractal_squares_gapless_5
D:4:      layout_rooms, gammafunk_temple_overflow_forgotten
D:5:      due_chaos_kobolds, layout_cave_pools
D:6:      minmay_diamond_boxcup, layout_basic, minmay_temple_entry_glass,
          uniq_eustachio, uniq_grinder, uniq_crazy_yiuf_cottage

Skill      XL: |  1  2  3  4  5  6  7  8 |
---------------+-------------------------+-----
Stealth        | 1 2 3 4 5 |  5.7
Unarmed Combat | 4 5 6 |  6.7
Dodging        | 4 5 |  5.1
Fighting       | 4 5 |  5.1

Action                     |  1- 3 |  4- 6 |  7- 9 || total
---------------------------+-------+-------+-------++-------
  Melee: Unarmed           |    60 |   186 |   139 ||   385
         Constrict         |    18 |    40 |    32 ||    90
         Tentacles         |    13 |    64 |    26 ||   103
         Punch             |     2 |    15 |     9 ||    26
 Invoke: Berserk           |       |       |     2 ||     2
         Trog's Hand       |       |       |     1 ||     1
    Use: Scroll            |       |     4 |       ||     4
         Potion            |       |       |     3 ||     3
   Stab: Sleeping          |     4 |    12 |       ||    16
 Armour: Skin              |     5 |     5 |     6 ||    16
  Dodge: Dodged            |    33 |    94 |   120 ||   247
